 Dungeon Crawl Stone Soup version 0.28-a0-2-g643f2454ad (webtiles) character file.

Game seed: 8845404991705354210

41 robertstho the Skirmisher (level 3, 0/30 HPs)
             Began as a Vine Stalker Berserker on July 22, 2021.
             Was a Follower of Trog.
             Succumbed to an adder's poison
             ... on level 2 of the Dungeon.
             The game lasted 00:01:58 (1805 turns).

robertstho the Skirmisher (Vine Stalker Berserker)  Turns: 1805, Time: 00:01:58

Health: 0/30       AC:  2    Str: 20    XL:     3   Next: 52%
Magic:  1/4        EV: 12    Int:  7    God:    Trog [*.....]
Gold:   49         SH:  0    Dex: 13    Spells: 2/2 levels left

rFire   x . .      SeeInvis .   k - +1 hand axe (elec)
rCold   + . .      Faith    .   (no shield)
rNeg    . . .      Spirit   +   a - +0 animal skin
rPois   .          Reflect  .   (no helmet)
rElec   .          Harm     .   (no cloak)
rCorr   .          Rampage  .   (no gloves)
Will    .....                   (no boots)
Stlth   ..........              e - amulet of the acrobat
HPRegen 0.10/turn               d - ring of ice
MPRegen 0.09/turn               (no ring)

@: berserking, lethally poisoned (0 -> -1), very quick
A: fangs 2, magic shield, antimagic bite, no potion heal 2
a: Renounce Religion, Berserk


You were on level 2 of the Dungeon.
You worshipped Trog.
Trog was aware of your devotion.
You visited 1 branch of the dungeon, and saw 2 of its levels.

You collected 49 gold pieces.

Inventory:

Hand Weapons
 b - a +1 whip of flaming
 k - a +1 hand axe of electrocution (weapon)
Armour
 a - a +0 animal skin (worn)
Jewellery
 d - a ring of ice (left hand)
 e - an amulet of the acrobat (around neck)
Scrolls
 f - a scroll of teleportation {unknown}
 g - 2 scrolls of silence {unknown}
 h - a scroll of identify {unknown}
 i - a scroll of acquirement {unknown}
Potions
 c - a potion of magic {unknown}
 j - a potion of curing {unknown}


   Skills:
 * Level 3.4 Fighting
 * Level 1.8 Armour
 + Level 1.8 Dodging
 + Level 0.5 Stealth
 + Level 3.3 Unarmed Combat


You had 2 spell levels left.
You didn't know any spells.
Your spell library was empty.

Dungeon Overview and Level Annotations

Branches:
Dungeon (2/15)

Altars:


Innate Abilities, Weirdness & Mutations

You have extremely sharp teeth.
When hurt, damage is shared between your health and your magic reserves.
Your bite disrupts and absorbs the magic of your enemies.
Potions cannot restore your health.


Message History

An adder is nearby!
An adder is nearby!
An adder is nearby!
An adder is nearby!
Found a stone staircase leading down.
Found an escape hatch in the ceiling.
Found a scroll labelled EFEUXT HI HED.
The helpless adder fails to defend itself.
You slash the adder! Your bite misses the adder.
The adder is severely wounded.
The adder bites you. x2
You closely miss the adder. Your bite misses the adder.
The adder is severely wounded.
The adder closely misses you.
You closely miss the adder.
The adder is severely wounded.
The adder barely misses you. The adder misses you.
You barely miss the adder. Your bite misses the adder.
The adder is severely wounded.
The adder bites you but does no damage. The adder bites you.
You are poisoned.
The adder poisons you!
You miss the adder.
The adder is severely wounded.
You feel sick. The adder closely misses you. The adder bites you.
You are too injured to fight recklessly!
You are too injured to fight recklessly!
You are too injured to fight recklessly!
You closely miss the adder. You bite the adder, but do no damage.
The adder is severely wounded.
You feel sick. The adder bites you.
* * * LOW HITPOINT WARNING * * *
A red film seems to cover your vision as you go berserk!
You feel yourself moving faster!
You feel mighty!
You feel sick. The adder bites you.
* * * LOW HITPOINT WARNING * * *
The adder misses you.
You completely miss the adder. Your bite misses the adder.
The adder is severely wounded.
You die...

#.......# #.......# #..# .#
#.......####.<# ..#.
####.#...........#####....
.....###.######.>........####
###### #.######....... ....
####>#..........# ..# #....#
##......####..#### #.####
#...@............# #.#
...?..S....###..###.# #.#
..###########...# #.# ..#...#
#####.# #.#..####.# ......#
#.#.......# ####### #.#######
#.#.####### #.......####.#.#
#...........#.#


You could see an adder.

Vanquished Creatures
  5 endoplasms
  A giant cockroach (D:1)
  5 goblins
  3 hobgoblins (D:1)
  4 jackals (D:1)
  3 kobolds (D:1)
  A quokka (D:2)
  3 ball pythons (D:1)
  4 bats (D:1)
  4 frilled lizards (D:1)
  3 rats (D:1)
36 creatures vanquished.

Vanquished Creatures (others)
  4 toadstools (D:2)
4 creatures vanquished.

Grand Total: 40 creatures vanquished

Notes
Turn   | Place    | Note
-------+----------+-------------------------------------------
     0 | D:1      | robertstho the Vine Stalker Berserker began the quest for
                  | the Orb.
     0 | D:1      | Reached XP level 1. HP: 11/11 MP: 2/2
   231 | D:1      | Reached XP level 2. HP: 11/16 MP: 3/3
   863 | D:1      | Reached XP level 3. HP: 19/20 MP: 2/4
  1804 | D:2      | HP: 1/30 [adder (3)]
  1805 | D:2      | Succumbed to an adder's poison

Illustrated notes

Levels and vault maps discovered:
D:1:      ncdulo_watergridlock, layout_basic, minivault_27
D:2:      layout_basic, hellmonk_ecumenical_altar_pennies_from_heaven,
          basic_altar, minmay_gold_behind_fungi

Skill      XL: |  1  2 |
---------------+-------+-----
Fighting       | 3 |  3.4
Armour         | |  1.8
Dodging        | |  1.8
Stealth        | |  0.5
Unarmed Combat | |  3.3

Action                   || total
-------------------------++-------
Melee: Unarmed           ||    89
       Bite              ||    19
       Hand axe          ||     7
       Punch             ||     1
Invok: Berserk           ||     3
 Stab: Sleeping          ||     2
Armor: Animal skin       ||    21
Dodge: Dodged            ||    63

Table legend: (Time is in decaauts)
 A = Elapsed time spent in this place.
 B = Non-inter-level travel time spent in this place.
 C = Inter-level travel time spent in this place.
 D = Time resting spent in this place.
 E = Time spent auto-exploring this place.
 F = Levels seen in this place.
 G = Mean time per level.
                   A        B        C        D        E       F      G
               +--------+--------+--------+--------+--------+-----+--------+
         Total |   1821 |   1755 |     66 |    320 |   1208 |   2 |  910.5 |
       Dungeon |   1821 |   1755 |     66 |    320 |   1208 |   2 |  910.5 |
               +--------+--------+--------+--------+--------+-----+--------+

Top non-repeatable levels by time:
     D:1: 1443 daAuts
     D:2: 377 daAuts
